 Dungeon Crawl Stone Soup version 0.28.0-1-gb440e238dd (webtiles) character file.

Game seed: 15120130280342040353

25 a3don the Grave Robber (level 3, -6/24 HPs)
             Began as a Human Necromancer on Feb 21, 2022.
             Mangled by a worm (11 damage)
             ... on level 1 of the Dungeon.
             The game lasted 00:02:45 (1607 turns).

a3don the Grave Robber (Human Necromancer)          Turns: 1607, Time: 00:02:46

Health: -6/24      AC:  2    Str:  8    XL:     3   Next: 20%
Magic:  2/6        EV: 12    Int: 17    God:
Gold:   56         SH:  0    Dex: 13    Spells: 3/6 levels left

rFire   . . .      SeeInvis .   e - +0 dagger
rCold   . . .      Faith    .   (no shield)
rNeg    . . .      Spirit   .   a - +0 robe
rPois   .          Reflect  .   (no helmet)
rElec   .          Harm     .   (no cloak)
rCorr   .          Rampage  .   (no gloves)
Will    .....                   (no boots)
Stlth   ++........              (no amulet)
HPRegen 0.08/turn               (no ring)
MPRegen 0.10/turn               (no ring)

@: no status effects
A: no striking features
a: no special abilities


You were on level 1 of the Dungeon.
You visited 1 branch of the dungeon, and saw 2 of its levels.

You collected 56 gold pieces.

Inventory:

Hand Weapons
 e - a +0 dagger (weapon)
Missiles
 b - 22 bolts
Armour
 a - a +0 robe (worn)
Jewellery
 d - an amulet of faith
Scrolls
 f - a scroll of magic mapping {unknown}
 g - a scroll of identify {unknown}
 h - a scroll of enchant weapon {unknown}
 i - a scroll of holy word {unknown}
Potions
 c - a potion of degeneration {unknown}


   Skills:
 + Level 2.3 Dodging
 + Level 2.4 Stealth
 + Level 2.2 Spellcasting
 + Level 4.2 Necromancy
 * Level 0.5 Fire Magic


You had 3 spell levels left.
You knew the following spells:

 Your Spells              Type           Power      Damage    Failure   Level
a - Pain                  Necr           64%        1d7       3%          1
b - Scorch                Fire           6%         2d5       22%         2

Your spell library contained the following spells:

 Spells                   Type           Power      Damage    Failure   Level
 Animate Skeleton         Necr           32%        N/A       3%          1
 Vampiric Draining        Necr           16%        2d7       10%         3
 Ignite Poison            Fire/Tmut/Pois 2%         N/A       45%         3
 Spider Form              Tmut/Pois      1%         N/A       50%         3
 Animate Dead             Necr           8%         N/A       32%         4
 Agony                    Necr           16%        N/A       67%         5
 Fireball                 Conj/Fire      1%         3d3       99%         5
 Starburst                Conj/Fire      1%         6d3       100%        6


Dungeon Overview and Level Annotations

Branches:
Dungeon (2/15)

Altars:


Message History

The worm is severely wounded.
You hit the worm.
The worm is severely wounded.
The worm bites you.
You hit the worm.
The worm is severely wounded.
The worm barely misses you.
You hit the worm but do no damage.
The worm is severely wounded.
You barely miss the worm.
The worm is severely wounded.
The worm barely misses you.
You barely miss the worm.
The worm is severely wounded.
You hit the worm.
The worm is severely wounded.
The worm misses you.
You hit the worm.
The worm is severely wounded.
The worm bites you but does no damage.
You hit the worm.
The worm is almost dead.
You barely miss the worm.
The worm is almost dead.
The worm closely misses you.
You barely miss the worm.
The worm is almost dead.
You hit the worm but do no damage.
The worm is almost dead.
The worm bites you!
* * * LOW HITPOINT WARNING * * *
You hit the worm.
The worm is almost dead.
The worm closely misses you.
You hit the worm but do no damage.
The worm is almost dead.
You hit the worm.
The worm is almost dead.
The worm bites you!
You die...

##.####...########.
#.# ##.## #. #.#
#.# #. #.# #.# #.
#.# #.# #. #.#
#.#########. #.#
#.........## #.#
#########w## #@#
#.## #w# #.## #.#
########.## #.#
#......w.## #.#
#.######## #.# #.#
#.# #.# #.# #.#
#.######.##


You could see a worm.

Vanquished Creatures
  4 endoplasms
  3 giant cockroaches
  A goblin (D:2)
  A hobgoblin (D:2)
  A kobold (D:1)
  A quokka (D:1)
  A ball python (D:1)
  5 bats
  A frilled lizard (D:2)
  4 rats
22 creatures vanquished.

Notes
Turn   | Place    | Note
-------+----------+-------------------------------------------
     0 | D:1      | a3don the Human Necromancer began the quest for the Orb.
     0 | D:1      | Reached XP level 1. HP: 13/13 MP: 3/3
    92 | D:1      | Got the Collected Works on Scorching Transmigration
   496 | D:1      | Reached XP level 2. HP: 18/19 MP: 3/5
   922 | D:1      | Learned a level 2 spell: Scorch
  1107 | D:2      | Reached XP level 3. HP: 19/24 MP: 1/6
  1607 | D:1      | Mangled by a worm

Illustrated notes

Levels and vault maps discovered:
D:1:      minmay_arrival_doors, layout_loops_ring
D:2:      layout_rooms, shapermc_ecumenical_altar_mp_highgroup

Action                   || total
-------------------------++-------
Melee: Dagger            ||    60
       Unarmed           ||     1
       Punch             ||     2
 Cast: Pain              ||    38
 Stab: Sleeping          ||     4
Armor: Robe              ||    19
Dodge: Dodged            ||    54
